AoeStats
← Leão

Arabia

504745491Analyzed
1v1 RM · 25d ago on Sep 6, 2026· 24m 43s· 2 players
Game mode
Random Map
Map size
Tiny (2 player)
Population
200
Speed
Normal
Resources
Standard
Victory
Conquest
Starting age
Dark Age
Ending age
Imperial Age
RankedLock teamsTeams togetherTeam positionsShared explorationLock speedFull tech treeHidden civsTurbo modeCheats
Victory
Defeat
🇧🇷 Magyars · Brazil
1294
+17
🇻🇳 Celts · Vietnam
1325
-17
Leão
7:24 Loom
9:50 Feudal Age
10:29 Double-Bit Axe
20:57 Castle Age
19:26 Scale Barding Armor
19:30 Horse Collar
19:42 Gold Mining
20:20 Bloodlines
21:52 Bloodlines
21:42 Husbandry
TidusKoChayGa
3:50 Loom
10:57 Feudal Age
16:10 Castle Age
15:18 Double-Bit Axe
15:24 Gold Mining
Connection lost

Rejoining the realm…

Still unreachable

The connection could not be restored.

Session expired

The server has moved on; the page needs a fresh start.